cohdb
Replays
Latest Replays
All Replays
Popular Replays
Top Player Replays
Match Explorer
How It Works
Community
CoH3 Stats
Reddit
Sign in to upload your games and track your stats! →
Sign in with Steam
Match 40337954
Unlisted
Match 40337954
Overview
Messages
Build Orders
End
Construct Weapon Support Center
M1919 Machine Gun Team
M1919 Machine Gun Team
Bazooka Squad
Construct Barracks
Riflemen Squad
M1 Mortar Team
Selects Heavy Weapons
Selects Heavy Weapons
Selects M2HB .50cal Heavy Machine Gun
Selects M2HB .50cal Heavy Machine Gun
Improved M9 Bazooka Rockets
Bazooka Squad
Construct Medical Station
Riflemen Squad
Mechanized Support Center
Grenade Package
Engineer Squad
Construct Motor Pool
M1 Anti-tank Gun Team
M1918 Browning Automatic Rifles
Selects Rapid Reposition
M1 Anti-tank Gun Team
M1919 Machine Gun Team
Elder-Gyattson
晴川
Fy-e
Mettbrötchen
Smith
CPU - VERY EASY
0
0
Comments
sign in to comment!
No comments posted yet!